 Dungeon Crawl Stone Soup version 0.27-a0-1312-g5cdb2b3 (webtiles) character file.

Game seed: 8306328915001453549

153 HDogLeCool the Stinger (level 5, 0/38 HPs)
             Began as a Demonspawn Venom Mage on June 18, 2021.
             Killed from afar by a white imp (5 damage)
             ... with a puff of frost
             ... summoned by Natasha
             ... on level 2 of the Dungeon.
             The game lasted 00:11:22 (3430 turns).

HDogLeCool the Stinger (Demonspawn Venom Mage)      Turns: 3430, Time: 00:11:23

Health: 0/38       AC:  2    Str:  8    XL:     5   Next: 12%
Magic:  6/9        EV: 12    Int: 18    God:
Gold:   92         SH:  4    Dex: 13    Spells: 8/9 levels left

rFire    . . .     SeeInvis .   p - +4 dagger
rCold    . . .     Faith    .   (no shield)
rNeg     . . .     Spirit   .   a - +0 robe
rPois    .         Reflect  .   (no helmet)
rElec    .         Harm     .   (no cloak)
rCorr    .         Rampage  .   (no gloves)
Will     .....                  (no boots)
Stlth    ++........             (no amulet)
HPRegen  0.12/turn              (no ring)
MPRegen  0.11/turn              (no ring)

@: no status effects
A: hooves 1, demonic guardian 1, condensation shield
a: no special abilities


You were on level 2 of the Dungeon.
You visited 1 branch of the dungeon, and saw 3 of its levels.

You collected 92 gold pieces.

Inventory:

Hand Weapons
 b - a +0 dagger
 o - a +2 antimagic dagger
 p - a +4 dagger (weapon)
Armour
 a - a +0 robe (worn)
 f - a +0 leather armour
Scrolls
 c - 2 scrolls of vulnerability {unknown}
 e - a scroll of immolation {unknown}
 g - a scroll of enchant armour {unknown}
 m - a scroll of identify {unknown}
 n - a scroll of acquirement {unknown}
Potions
 d - a potion of invisibility {unknown}
 h - a potion of flight {unknown}
 i - a potion of heal wounds {unknown}
 j - a potion of ambrosia {unknown}
 k - a potion of berserk rage {unknown}
 l - a potion of haste {unknown}


   Skills:
 + Level 1.7 Fighting
 + Level 2.6 Dodging
 + Level 2.7 Stealth
 + Level 2.6 Spellcasting
 - Level 1.0 Transmutations
 * Level 4.0 Poison Magic


You had 8 spell levels left.
You knew the following spells:

 Your Spells              Type           Power      Damage    Failure   Level
a - Sting                 Tmut/Pois      44%        1d5       6%          1

Your spell library contained the following spells:

 Spells                   Type           Power      Damage    Failure   Level
 Beastly Appendage        Tmut           12%        N/A       11%         1
 Poisonous Vapours        Pois/Air       18%        N/A       11%         2
 Summon Small Mammal      Summ           8%         N/A       17%         1
 Wereblood                Tmut           6%         N/A       17%         2
 Spider Form              Tmut/Pois      5%         N/A       19%         3
 Call Imp                 Summ           2%         N/A       26%         2
 Ignite Poison            Fire/Tmut/Pois 8%         N/A       26%         3
 Mephitic Cloud           Conj/Pois/Air  7%         N/A       28%         3
 Olgreb's Toxic Radiance  Pois           16%        N/A       32%         4
 Call Canine Familiar     Summ           2%         N/A       45%         3
 Summon Guardian Golem    Hex/Summ       2%         N/A       45%         3
 Ice Form                 Ice/Tmut       4%         N/A       80%         4
 Summon Ice Beast         Ice/Summ       2%         N/A       86%         4
 Summon Lightning Spire   Summ/Air       2%         N/A       86%         4


Dungeon Overview and Level Annotations

Branches:
Dungeon (3/15)

Altars:

Shops:
D:1 =   D:2 (

Annotations:
D:2 Natasha
D:3 Ijyb, Sigmund


Innate Abilities, Weirdness & Mutations

You have large cloven feet.
A weak demonic guardian rushes to your aid.
A meltable shield of frost defends you. (SH +4)


Message History

Natasha is moderately wounded.
Natasha misses you.
Natasha drinks a potion.
Natasha is healed!
Natasha looks more healthy.
Casting: Sting (safe; 6% risk of failure)
Confirm with . or Enter, or press ? or * to list all spells.
Aiming: Sting (safe; 6% risk of failure)
Press: ? - help, Shift-Dir - straight line, f/p - Natasha
Aim: Natasha (lightly wounded, 64% to hit)
The sting hits Natasha.
Natasha is poisoned.
Natasha is moderately wounded.
Natasha misses you.
Casting: Sting (safe; 6% risk of failure)
Confirm with . or Enter, or press ? or * to list all spells.
Aiming: Sting (safe; 6% risk of failure)
Press: ? - help, Shift-Dir - straight line, f/p - Natasha
Aim: Natasha (moderately wounded, poisoned, 64% to hit)
The sting hits Natasha.
Natasha looks even sicker.
Natasha is moderately wounded.
Natasha claws you. Natasha closely misses you.
Casting: Sting (safe; 6% risk of failure)
Confirm with . or Enter, or press ? or * to list all spells.
Aiming: Sting (safe; 6% risk of failure)
Press: ? - help, Shift-Dir - straight line, f/p - Natasha
Aim: Natasha (moderately wounded, very poisoned, 64% to hit)
The sting hits Natasha but does no damage.
Natasha looks even sicker.
Natasha is moderately wounded.
Natasha mumbles some strange words.
Natasha claws you but does no damage.
Natasha stares at you and mumbles some strange words.
You resist with some effort.
You feel yourself speed up. Natasha claws you!
* * * LOW HITPOINT WARNING * * *
A demonic guardian appears!
Your shadow imp hits the white imp.
Natasha claws your shadow imp. The white imp gestures at you.
The puff of frost hits you.
You die...

#.##.#.# #..#
####.##.#.# #..#
#.......#.# #..##
#.##.####.# #...#
#.##.# #.# ##..###
#.##(# #.# #.....
#.##.# #.# ##..##.
#.##.####.# #......
#.##..@.5.# #..≈≈≈.
#.######5h# #.≈≈8≈≈
#.# #..# #######
#.## #>.# #.#.###
#..# #..## ###.#.#..
##.# #...# #........
#.# #.#.# #.###.###
#.# ##.#.####.###.#
#.####....#........#


You could see Natasha (very poisoned, ally target), a white imp (summoned) and a
friendly shadow imp (summoned).

Vanquished Creatures
  Jessica (D:2)
  6 adders
  4 orcs
  4 bats
  6 endoplasms
  3 giant cockroaches
  5 hobgoblins
  2 jackals (D:3)
  4 ball pythons
  3 frilled lizards
  2 goblins (D:3)
  2 kobolds (D:1)
  2 rats (D:1)
44 creatures vanquished.

Vanquished Creatures (collateral kills)
  Natasha (D:3)
  A worm (D:2)
  An orc (D:3)
3 creatures vanquished.

Grand Total: 47 creatures vanquished

Notes
Turn   | Place    | Note
-------+----------+-------------------------------------------
     0 | D:1      | HDogLeCool the Demonspawn Venom Mage began the quest for
                  | the Orb.
     0 | D:1      | Reached XP level 1. HP: 13/13 MP: 3/3
   254 | D:1      | Reached skill level 1 in Transmutations
   525 | D:1      | Gained mutation: You have large cloven feet. [demonic
                  | ancestry]
   525 | D:1      | Reached XP level 2. HP: 20/20 MP: 3/5
   772 | D:1      | Found Kuehaasy's Jewellery Shop.
  1130 | D:2      | Reached skill level 1 in Fighting
  1130 | D:2      | Gained mutation: A weak demonic guardian rushes to your
                  | aid. [demonic ancestry]
  1130 | D:2      | Reached XP level 3. HP: 22/26 MP: 2/6
  1568 | D:2      | Noticed Jessica
  1574 | D:2      | Killed Jessica
  1575 | D:2      | Gained mutation: A meltable shield of frost defends you.
                  | (SH +4) [demonic ancestry]
  1575 | D:2      | Reached XP level 4. HP: 27/32 MP: 3/7
  1626 | D:2      | Found a faded altar of an unknown god.
  2004 | D:2      | Found Ycsoel's Antique Weapon Emporium.
  2335 | D:3      | Noticed Ijyb
  2335 | D:3      | Noticed Natasha
  2641 | D:3      | Killed Natasha
  2849 | D:3      | Noticed Sigmund
  2861 | D:3      | Paralysed by Ijyb for 5 turns
  2869 | D:3      | Paralysed by Ijyb for 2 turns
  2875 | D:3      | Paralysed by Ijyb for 4 turns
  3159 | D:3      | Reached XP level 5. HP: 34/38 MP: 3/8
  3277 | D:3      | Reached skill level 4 in Poison Magic
  3407 | D:3      | Noticed Natasha
  3430 | D:2      | Killed from afar by a white imp

Illustrated notes

Levels and vault maps discovered:
D:1:      eino_arrival_cavern_b, layout_basic, serial_shops, nicolae_shop_stone,
          supply_closet_lemuel
D:2:      layout_loops_ring, ebering_ecumenical_altar_mist, serial_shops,
          nicolae_shop_window_shopping, moated_statue,
          chequers_serial_rivers_micro_d, roderic_roman_lattice, uniq_jessica
D:3:      layout_loops_ring, uniq_ijyb, uniq_sigmund, uniq_grinder, uniq_natasha

Skill      XL: |  1  2  3  4  5 |
---------------+----------------+-----
Transmutations | 1 |  1.0
Stealth        | 2 |  2.7
Dodging        | 2 |  2.6
Fighting       | 1 |  1.7
Poison Magic   | 4 |  4.0
Spellcasting   | |  2.6

Action                   |  1- 3 |  4- 6 || total
-------------------------+-------+-------++-------
Melee: Dagger            |    22 |    19 ||    41
       Kick              |     3 |     4 ||     7
 Cast: Sting             |    41 |    51 ||    92
 Stab: Sleeping          |     2 |       ||     2
Armor: Robe              |     4 |     5 ||     9
Dodge: Dodged            |    23 |    25 ||    48
Block: Other             |       |     7 ||     7

Table legend: (Time is in decaauts)
 A = Elapsed time spent in this place.
 B = Non-inter-level travel time spent in this place.
 C = Inter-level travel time spent in this place.
 D = Time resting spent in this place.
 E = Time spent auto-exploring this place.
 F = Levels seen in this place.
 G = Mean time per level.
                   A        B        C        D        E       F      G
               +--------+--------+--------+--------+--------+-----+--------+
         Total |   3445 |   3358 |     87 |   1287 |   1518 |   3 | 1148.3 |
       Dungeon |   3445 |   3358 |     87 |   1287 |   1518 |   3 | 1148.3 |
               +--------+--------+--------+--------+--------+-----+--------+

Top non-repeatable levels by time:
     D:2: 1550 daAuts
     D:1: 1097 daAuts
     D:3: 797 daAuts
